AoeStats
← Mjaguar

Arena

509930796Analyzed
2v2 RM · 3d ago on Sep 28, 2026· 53m 54s· 4 players
Game mode
Random Map
Map size
Medium (4 player)
Population
200
Speed
Normal
Resources
Standard
Victory
Conquest
Starting age
Dark Age
Ending age
Imperial Age
RankedLock teamsTeams togetherTeam positionsShared explorationLock speedFull tech treeHidden civsTurbo modeCheats
Victory
Defeat
🇩🇪 Britons · Germany
1036
+14
🇩🇪 Hindustanis · Germany
1036
+14
🇪🇸 Byzantines · Spain
1029
-15
🇪🇸 Aztecs · Spain
977
-13
Mjaguar
9:42 Feudal Age
10:20 Horse Collar
10:25 Double-Bit Axe
17:06 Castle Age
15:53 Scale Mail Armor
15:56 Padded Archer Armor
18:35 Wheelbarrow
17:47 Loom
18:19 Leather Archer Armor
19:30 Fletching
21:03 Squires
20:49 Gambesons
23:05 Bow Saw
26:50 Bodkin Arrow
31:19 Imperial Age
28:38 Elite Skirmisher
29:40 Scale Barding Armor
32:42 Hand Cart
32:30 Bracer
33:36 Chemistry
32:40 Heavy Plow
32:55 Thumb Ring
39:15 Chain Barding Armor
39:05 Forging
39:26 Ring Archer Armor
40:37 Ballistics
41:44 Logistica
42:07 Murder Holes
42:22 Fortified Wall
42:50 Pikeman
45:48 Plate Barding Armor
45:49 Iron Casting
47:53 Elite Cataphract
50:21 Halberdier
51:30 Chain Mail Armor
KnGrathy
0:36 Loom
11:19 Feudal Age
12:46 Double-Bit Axe
19:11 Castle Age
18:08 Scale Mail Armor
18:54 Horse Collar
20:50 Bow Saw
22:27 Squires
24:12 Gambesons
24:48 Pikeman
26:49 Sanctity
26:50 Eagle Warrior
28:12 Chain Mail Armor
28:20 Gold Mining
28:39 Heavy Plow
31:09 Arson
31:45 Forging
32:15 Wheelbarrow
32:34 Ballistics
32:10 Murder Holes
35:08 Imperial Age
35:06 Iron Casting
35:45 Fervor
36:23 Block Printing
38:19 Redemption
40:21 Plate Mail Armor
40:51 Blast Furnace
39:18 Elite Eagle Warrior
40:28 Hand Cart
40:01 Town Watch
40:55 Stone Mining
41:45 Gold Shaft Mining
41:38 Fletching
41:48 Padded Archer Armor
42:07 Elite Skirmisher
45:02 Conscription
47:33 Atonement
48:09 Theocracy
48:26 Bodkin Arrow
48:46 Leather Archer Armor
49:41 Town Patrol
49:56 Bracer
50:42 Illumination
50:44 Town Patrol
Tor1n
11:34 Feudal Age
13:10 Loom
13:24 Double-Bit Axe
15:46 Castle Age
13:42 Horse Collar
19:01 Wheelbarrow
18:25 Town Watch
19:18 Fletching
19:26 Gold Mining
20:52 Bodkin Arrow
22:34 Padded Archer Armor
23:06 Bow Saw
24:00 Town Patrol
24:15 Hand Cart
25:13 Leather Archer Armor
26:59 Gold Shaft Mining
26:30 Heavy Plow
26:56 Ballistics
27:33 Town Patrol
28:21 Yeomen
32:46 Imperial Age
32:35 Murder Holes
32:53 Masonry
34:04 Conscription
34:09 Warwolf
34:27 Bracer
34:38 Siege Engineers
38:29 Crossbowman
39:44 Ring Archer Armor
38:53 Arbalester
45:22 Chemistry
45:40 Stone Mining
49:02 Two-Man Saw
48:41 Architecture
blackshadow
11:40 Feudal Age
13:04 Double-Bit Axe
15:58 Castle Age
13:51 Horse Collar
14:42 Gold Mining
18:08 Bow Saw
18:21 Husbandry
18:31 Bloodlines
18:58 Scale Barding Armor
20:39 Stone Mining
22:35 Loom
25:59 Wheelbarrow
25:10 Town Watch
30:17 Imperial Age
28:58 Gold Shaft Mining
28:25 Heavy Plow
28:47 Hand Cart
28:42 Padded Archer Armor
29:29 Grand Trunk Road
30:01 Leather Archer Armor
29:36 Fletching
30:28 Town Patrol
32:16 Chemistry
31:40 Conscription
31:44 Shatagni
32:21 Ring Archer Armor
32:24 Masonry
33:55 Bodkin Arrow
35:17 Devotion
35:05 Light Cavalry
36:50 Chain Barding Armor
36:41 Forging
39:24 Hussar
42:23 Plate Barding Armor
42:23 Iron Casting
41:49 Bracer
50:52 Siege Elephant
Connection lost

Rejoining the realm…

Still unreachable

The connection could not be restored.

Session expired

The server has moved on; the page needs a fresh start.